 Dungeon Sprint DCSS version 0.28-a0-429-g1448048969 (webtiles) character file.

Game seed: 14580191984011608233

20360 dolemite99 the Tortoise (level 10, -1/86 HPs)
             Began as a Demonspawn Monk on Sept 12, 2021.
             Was a High Priest of Ru.
             Killed from afar by a pearl dragon (29 damage)
             ... with a blast of cleansing flame
             ... in the Dungeon (Sprint V: "Ziggurat Sprint").
             The game lasted 00:14:07 (1912 turns).

dolemite99 the Tortoise (Demonspawn Monk)           Turns: 1912, Time: 00:14:08

Health: -1/86      AC: 24    Str: 28    XL:     10   Next: 44%
Magic:  0/9        EV:  0    Int:  9    God:    Ru [*****.]
Gold:   0          SH: 38    Dex: 14    Spells: 9/9 levels left

rFire   + . .      SeeInvis .   a - +5 broad axe (vorpal)
rCold   + + .      Faith    .   N - +18 shield of the Gong {rElec rN+ Will+ EV-5}
rNeg    + . .      Spirit   +   w - +5 gold dragon scales
rPois   +          Reflect  .   (helmet restricted)
rElec   +          Harm     .   (no cloak)
rCorr   .          Rampage  .   (no gloves)
Will    +....      NoTele   +   t - +1 pair of boots "Jabavve" {Str+7 Dex-2}
Stlth   ..........              W - brooch of Shielding {Spirit SH+8}
HPRegen 0.00/turn               q - +6 ring of strength
MPRegen 0.22/turn               O - ring of protection from cold

@: mighty, exhausted, inhibited regen, glowing, unable to read
A: antennae 2, slimy green scales 2, powered by death 1, inhibited regeneration,
magic regeneration, no stealth, inability to train dodging, unskilled 1,
inexperienced 1, deformed body, deterioration 1, dopey 1, low mp 1, inability to
read while threatened
a: Renounce Religion, Draw Out Power, Power Leap, Apocalypse


You were in the Dungeon.
You worshipped Ru.
Ru was extremely pleased with you.
You visited 1 branch

Inventory:

Hand Weapons
 a - a +5 vorpal broad axe (weapon)
 b - a +5 hand crossbow
 A - a +5 fustibalus
Missiles
 C - 996 bolts
 D - 1000 sling bullets
 T - 2 throwing nets (quivered)
Armour
 t - the +1 pair of boots "Jabavve" (worn) {Str+7 Dex-2}
   (You found it in the Dungeon)

   Str:       It affects your strength (+7).
   Dex:       It affects your dexterity (-2).
 v - a +3 tower shield
 w - +5 gold dragon scales (worn)
 z - +5 storm dragon scales
 N - the +18 shield of the Gong (worn) {rElec rN+ Will+ EV-5}
   (You found it in the Dungeon)

   It is deafeningly noisy when blocking attacks.
   EV:        It affects your evasion (-5).
   rElec:     It insulates you from electricity.
   rN:        It protects you from negative energy.
   Will:      It increases your willpower.
Magical Staves
 P - a staff of death
 R - a staff of poison
 V - a staff of air
 Y - a staff of cold
Jewellery
 j - the ring "Gyusm" {rN+++ Will- rCorr Int+3 Dex+6}
   (You found it in the Dungeon)

   [ring of dexterity]

   Int:       It affects your intelligence (+3).
   Dex:       It affects your dexterity (+6).
   rN:        It renders you almost immune to negative energy.
   rCorr:     It protects you from acid and corrosion.
   Will:      It decreases your willpower.
 l - the amulet of Altruism {Acrobat rElec}
   (You found it in the Dungeon)

   [amulet of the acrobat]

   It increases your evasion while moving and waiting.
   rElec:     It insulates you from electricity.
 m - a +6 ring of dexterity
 n - a +6 ring of dexterity
 o - a +6 ring of intelligence
 p - a +4 ring of evasion
 q - a +6 ring of strength (left hand)
 r - a +6 ring of strength
 y - a ring of protection from cold
 B - the amulet "Resircho" {RegenMP Fly}
   (You found it in the Dungeon)

   [amulet of magic regeneration]

   It increases your rate of magic regeneration.
   Fly:       It grants you flight.
 L - the ring "Otzour" {*Corrode Fly rPois rF+}
   (You found it in the Dungeon)

   [ring of flight]

   rF:        It protects you from fire.
   rPois:     It protects you from poison.
   Fly:       It grants you flight.
   *Corrode:  It may corrode you when you take damage.
 O - a ring of protection from cold (right hand)
 U - an amulet of guardian spirit
 W - the brooch of Shielding (around neck) {Spirit SH+8}
   (You found it in the Dungeon)

   [amulet of guardian spirit]

   It causes incoming damage to be divided between your reserves of health and
   magic.
   SH:        It affects your SH (+8).
 X - a +6 ring of strength
Wands
 i - a wand of mindburst (7)
 k - a wand of acid (7)
Scrolls
 h - 2 scrolls of blinking
 x - 2 scrolls of brand weapon
 E - 4 scrolls of amnesia
 F - 5 scrolls of fog
 G - 5 scrolls of identify {@r1}
 H - a scroll of fear
Potions
 c - 9 potions of curing
 d - 8 potions of heal wounds
 e - 4 potions of haste
 f - 7 potions of magic
 g - 3 potions of berserk rage
 I - 2 potions of brilliance
 K - 3 potions of resistance
 M - 2 potions of might
Miscellaneous
 s - a lightning rod (4/4)
 u - a phantom mirror
 J - a condenser vane
 Q - a tin of tremorstones (2/2)
 S - a box of beasts
 Z - a phial of floods


   Skills:
 + Level 10.6 Fighting
 - Level 13.2 Axes
 - Level 12.0 Crossbows
 - Level 15.0 Armour
 - Level 11.3 Shields


You had 9 spell levels left.
You didn't know any spells.
Your spell library contained the following spells:

 Spells                   Type           Power      Damage    Failure   Level
 Foxfire                  Conj/Fire      0%         2x1d4     100%        1
 Inner Flame              Hex/Fire       0%         N/A       100%        3
 Spider Form              Tmut/Pois      0%         N/A       100%        3
 Tukima's Dance           Hex            0%         N/A       100%        3
 Animate Armour           Summ/Erth      0%         N/A       100%        4
 Fulminant Prism          Conj/Hex       0%         3d6       100%        4
 Sticky Flame             Conj/Fire      0%         2d3       100%        4
 Yara's Violent Unravell  Hex/Tmut       0%         3d3       100%        5
 Eringya's Noxious Bog    Tmut/Pois      0%         N/A       100%        6
 Borgnjor's Revivificati  Necr           0%         N/A       100%        8
 Necromutation            Tmut/Necr      0%         N/A       100%        8
 Death's Door             Necr           0%         N/A       100%        9
 Fire Storm               Conj/Fire      0%         5d1       100%        9


Dungeon Overview and Level Annotations

Branches:
Dungeon (1/1)

Altars:
Ashenzari
Cheibriados
Dithmenos
Elyvilon
Fedhas
Gozag
Hepliaklqana
Kikubaaqudgha
Makhleb
Nemelex Xobeh
Okawaru
Qazlal
Ru
Sif Muna
Trog
Uskayaw
Vehumet
Wu Jian
Xom
Yredelemnul
Zin
The Shining One
Beogh
Jiyva
Lugonu

Annotations:
D 1 transporter


Innate Abilities, Weirdness & Mutations

You have a pair of antennae on your head.
You are mostly covered in slimy green scales. (AC +3)
You regenerate a little health from kills.
You do not regenerate when monsters are visible.
You regenerate magic rapidly.
You cannot be stealthy.
You cannot train Dodging skill.
You are somewhat unskilled. (-1 Apt)
You are somewhat inexperienced. (-2 XL)
Armour fits poorly on your strangely shaped body.
Your body sometimes deteriorates upon taking damage.
You are dopey. (Int -2)
Your magical capacity is low. (-10% MP)
You sometimes lose the ability to read scrolls when taking damage.


Message History

You block the daeva's attack.
GONNNNG!
You block the daeva's attack.
BOUMMMMG!
You block the pearl dragon's attack.
GONNNNG!
The pearl dragon claws you but does no damage.
The helpless apis fails to defend itself.
You slice the apis like a ripe choko!!!
You kill the apis!
You barely miss the pearl dragon. The daeva blocks your attack.
The helpless cherub fails to defend itself.
You slice the cherub!!
You kill the cherub!
The helpless pearl dragon fails to defend itself.
You slice the pearl dragon!!
The helpless pearl dragon fails to defend itself.
You slash the pearl dragon!
The daeva calls down the wrath of the Shining One upon you.
The Shining One smites you!
You focus your inner power and illuminate the daeva in retribution!
You redirect the pearl dragon's attack!
You block the pearl dragon's attack.
SHROANNG!
You block the pearl dragon's attack.
BOUMMMMG!
You feel your strength returning.
Your life force feels restored.
Your Fighting skill increases to level 10!
The helpless pearl dragon fails to defend itself.
You open the pearl dragon like a pillowcase!!!
The pearl dragon is severely wounded.
The helpless pearl dragon fails to defend itself.
You hit the pearl dragon. You closely miss the daeva. You slice the daeva!!
Your gold dragon scales prevents you from hitting the pearl dragon.
The daeva calls down the wrath of the Shining One upon you.
The Shining One smites you!
The pearl dragon breathes cleansing flame at you.
The blast of cleansing flame engulfs you!!
You writhe in agony!
You die...

▓.........▓ ▓.........▓
▓.........▓ ▓....†....▓
▓▓▓▓▓▓▓▓▓▓▓▓▓.▓.....▓.▓
▓....8©8....▓....©....▓
▓..|)}|))?..▓▓▓▓▓▓▓▓▓▓▓
▓...=ADD"...▓...8©8...▓
▓.....@.....▓.."=|)...▓
▓....AD.....▓...|})...▓
▓...........▓.=.......▓
▓...........▓=........▓
▓..▓.....▓..▓[........▓
▓.▓▓▓...▓▓▓.▓.........▓
▓..▓.....▓..▓.▓..(..▓.▓
▓.....©.....▓....©....▓
▓▓▓▓▓▓▓▓▓▓▓▓▓▓▓▓▓▓▓▓▓▓▓


You could see 2 daevas and 3 pearl dragons.

Vanquished Creatures
  A tentacled starspawn (D)
  2 nagarajas (D)
  An apis (D)
  A hydra (D)
  A spriggan air mage (D)
  A spriggan druid (D)
  A cherub (D)
  5 ugly things (D)
  2 shining eyes (D)
  4 draconians (D)
  A guardian serpent (shapeshifter) (D)
  3 naga magi (D)
  2 guardian serpents (D)
  3 cane toads (D)
  2 komodo dragons (D)
  4 merfolk (D)
  A wind drake (D)
  A hornet (shapeshifter) (D)
  A blink frog (D)
  An air elemental (D)
  A wyvern (D)
  4 yaks (D)
  A basilisk (shapeshifter) (D)
  2 neqoxecs (D)
  2 water moccasins (D)
  A floating eye (D)
  A bullfrog (D)
  2 wights (D)
  An iron imp (D)
  An iguana (D)
  4 adders (D)
  A river rat (D)
  2 shadow imps (D)
  2 ufetubi (D)
  An endoplasm (D)
  A jackal (D)
  2 ball pythons (D)
  A ball python zombie (D)
68 creatures vanquished.

Vanquished Creatures (collateral kills)
  A shining eye (D)
  An ugly thing (D)
  A draconian (D)
  A guardian serpent (shapeshifter) (D)
  4 air elementals (D)
  A human (shapeshifter) (D)
9 creatures vanquished.

Vanquished Creatures (others)
  2 starspawn tentacles (D)
2 creatures vanquished.

Grand Total: 79 creatures vanquished

Notes
Turn   | Place    | Note
-------+----------+-------------------------------------------
     0 | D        | dolemite99 the Demonspawn Monk began the quest for the Orb.
     0 | D        | Reached XP level 1. HP: 18/18 MP: 1/1
     4 | D        | Found a shimmering blue altar of Sif Muna.
     4 | D        | Found a bloodstained altar of Trog.
     4 | D        | Found a sacrificial altar of Ru.
     4 | D        | Found a stormy altar of Qazlal.
     4 | D        | Found an iron altar of Okawaru.
     6 | D        | Found a sparkling altar of Nemelex Xobeh.
     6 | D        | Found the +6 Majin-Bo {vamp, MP+6 Int+6}
     6 | D        | Found the +9 heavy crossbow "Sniper" {vorpal, Acc+∞ SInv}
     6 | D        | Found the +10 dark maul {vorpal}
     6 | D        | Found the +15 Maxwell's patent armour {-Cast -Tele rElec
                  | Will+ rCorr}
     6 | D        | Found the +18 shield of the Gong {rElec rN+ Will+ EV-5}
     6 | D        | Found the +14 obsidian axe {vorpal, Mesm Drain Fly SInv}
     6 | D        | Found the +7 great mace "Firestarter" {inner flame, rF++}
     6 | D        | Found the +6 shillelagh "Devastator" {shatter}
     6 | D        | Found the +11 plutonium sword {Contam Stlth-}
     6 | D        | Found the +8 lance "Wyrmbane" {slay drac, rPois rF+ rC+
                  | AC+3}
     6 | D        | Found the +9 sword of Zonguldrok {reap}
     6 | D        | Found the +13 scythe of Curses {drain, Drain}
     6 | D        | Found the +5 sword of Power {vorpal}
     6 | D        | Found the +7 mace of Variability {chain chaos}
     6 | D        | Found the +7 Singing Sword {vorpal, sonic wave}
     6 | D        | Found the +8 storm bow {elec, penet}
    10 | D        | Found a corrupted altar of Lugonu.
    10 | D        | Found an ancient bone altar of Kikubaaqudgha.
    10 | D        | Found a burning altar of Makhleb.
    10 | D        | Found a transporter.
    10 | D        | Found a viscous altar of Jiyva.
    10 | D        | Found a hazy altar of Hepliaklqana.
    20 | D        | Found an opulent altar of Gozag.
    21 | D        | Found a blossoming altar of Fedhas.
    68 | D        | Gained mutation: You regenerate a little health from kills.
                  | [demonic ancestry]
    68 | D        | Reached XP level 2. HP: 24/24 MP: 2/2
    76 | D        | Became a worshipper of Ru the Awakened
    87 | D        | Gained mutation: You are somewhat unskilled. (-1 Apt) [Ru
                  | sacrifice]
    87 | D        | Reached * piety under Ru
   118 | D        | Entered arena 2.
   118 | D        | Noticed a floating eye
   118 | D        | Found a transporter.
   119 | D        | Paralysed by a floating eye for 4 turns
   125 | D        | Killed a floating eye
   126 | D        | Gained mutation: You regenerate magic rapidly. [demonic
                  | ancestry]
   126 | D        | Reached XP level 3. HP: 28/28 MP: 3/3
   126 | D        | Reached XP level 4. HP: 34/34 MP: 4/4
   136 | D        | Entered arena 3.
   136 | D        | Found a transporter.
   149 | D        | Reached skill level 5 in Crossbows
   149 | D        | Reached XP level 5. HP: 27/39 MP: 5/5
   262 | D        | Entered arena 4.
   262 | D        | Noticed a merfolk
   262 | D        | Noticed a merfolk
   262 | D        | Noticed a merfolk
   262 | D        | Noticed a merfolk
   262 | D        | Found a transporter.
   268 | D        | Killed a merfolk
   268 | D        | Killed a merfolk
   268 | D        | Killed a merfolk
   269 | D        | Gained mutation: You are partially covered in slimy green
                  | scales. (AC +2) [demonic ancestry]
   269 | D        | Reached XP level 6. HP: 33/46 MP: 6/6
   269 | D        | Gained mutation: You are mostly covered in slimy green
                  | scales. (AC +3) [demonic ancestry]
   269 | D        | Reached XP level 7. HP: 37/51 MP: 7/7
   270 | D        | Killed a merfolk
   689 | D        | Entered arena 5.
   689 | D        | Found a transporter.
   702 | D        | Reached skill level 1 in Shields
   702 | D        | Gained mutation: You have a pair of small antennae on your
                  | head. [demonic ancestry]
   702 | D        | Reached XP level 8. HP: 53/57 MP: 8/8
   751 | D        | Entered arena 6.
   751 | D        | Noticed a draconian
   751 | D        | Noticed a draconian
   751 | D        | Noticed a draconian
   751 | D        | Noticed a draconian
   751 | D        | Noticed a draconian
   751 | D        | Found a transporter.
   764 | D        | Killed a draconian
   765 | D        | Reached skill level 5 in Shields
   765 | D        | Killed a draconian
   772 | D        | Killed a draconian
   773 | D        | Gained mutation: You have a pair of antennae on your head.
                  | [demonic ancestry]
   773 | D        | Reached XP level 9. HP: 16/62 MP: 9/9
   775 | D        | Killed a draconian
   776 | D        | Reached skill level 10 in Shields
   776 | D        | Killed a draconian
   777 | D        | Gained mutation: You are somewhat inexperienced. (-2 XL)
                  | [Ru sacrifice]
   777 | D        | Reached XP level 8. HP: 44/57 MP: 8/8
   777 | D        | Reached XP level 7. HP: 44/51 MP: 7/7
   777 | D        | Reached ** piety under Ru
   777 | D        | Reached *** piety under Ru
   824 | D        | Got the ring "Gyusm" {rN+++ Will- rCorr Int+3 Dex+6}
   945 | D        | Entered arena 7.
   945 | D        | Noticed a guardian serpent
   945 | D        | Noticed a shining eye
   945 | D        | Noticed a cyan ugly thing
   945 | D        | Noticed a purple ugly thing
   949 | D        | Noticed an ice devil
   949 | D        | Killed a purple ugly thing
   951 | D        | Reached skill level 10 in Axes
   952 | D        | Killed a cyan ugly thing
   953 | D        | Noticed a guardian serpent
   953 | D        | a spriggan changed into a guardian serpent
   954 | D        | Gained mutation: You sometimes lose the ability to read
                  | scrolls when taking damage. [a shining eye]
   954 | D        | Killed a guardian serpent
   954 | D        | Killed a shining eye
   955 | D        | Reached XP level 8. HP: 37/57 MP: 8/8
   956 | D        | Killed a guardian serpent
   958 | D        | Found a transporter.
   980 | D        | Entered arena 8.
   983 | D        | Paralysed by an air elemental for 1 turns
   986 | D        | Found a transporter.
   987 | D        | Paralysed by an air elemental for 1 turns
  1003 | D        | Got the Volume of Enchantment and Ignition
  1004 | D        | Gained mutation: You cannot be stealthy. [Ru sacrifice]
  1004 | D        | Reached **** piety under Ru
  1011 | D        | Got the +1 pair of boots "Jabavve" {Str+7 Dex-2}
  1227 | D        | Entered arena 9.
  1227 | D        | Noticed a cane toad
  1227 | D        | Noticed a cane toad
  1231 | D        | Found a transporter.
  1233 | D        | Reached skill level 1 in Armour
  1234 | D        | Reached skill level 2 in Armour
  1236 | D        | Killed a cane toad
  1237 | D        | Reached skill level 3 in Armour
  1238 | D        | Killed a cane toad
  1239 | D        | Reached skill level 4 in Armour
  1242 | D        | Reached skill level 5 in Armour
  1255 | D        | Got the amulet "Resircho" {RegenMP Fly}
  1257 | D        | Got the ring "Otzour" {*Corrode Fly rPois rF+}
  1270 | D        | Entered arena 10.
  1270 | D        | Noticed a tentacled starspawn
  1275 | D        | Found a transporter.
  1279 | D        | Gained mutation: You have hidden genetic defects. [a
                  | neqoxec]
  1282 | D        | Killed a tentacled starspawn
  1282 | D        | Gained mutation: You have terrible hidden genetic defects.
                  | [a neqoxec]
  1283 | D        | Reached skill level 9 in Armour
  1283 | D        | Reached XP level 9. HP: 57/62 MP: 4/9
  1289 | D        | Gained mutation: Your body sometimes deteriorates upon
                  | taking damage. [hidden defects]
  1310 | D        | Gained mutation: You do not regenerate when monsters are
                  | visible. [Ru sacrifice]
  1310 | D        | Reached ***** piety under Ru
  1325 | D        | Entered arena 11.
  1325 | D        | Noticed a shining eye
  1325 | D        | Noticed a brown ugly thing
  1325 | D        | Noticed a green ugly thing
  1325 | D        | Noticed a white ugly thing
  1325 | D        | Noticed a green ugly thing
  1325 | D        | Noticed a shining eye
  1336 | D        | Killed a green ugly thing
  1337 | D        | Reached skill level 10 in Armour
  1337 | D        | Killed a green ugly thing
  1340 | D        | Killed a shining eye
  1341 | D        | Reached skill level 11 in Armour
  1344 | D        | Killed a white ugly thing
  1345 | D        | Killed a green ugly thing
  1347 | D        | Killed a shining eye
  1348 | D        | Reached skill level 12 in Armour
  1348 | D        | Found a transporter.
  1354 | D        | Got the amulet of Altruism {Acrobat rElec}
  1368 | D        | Gained mutation: You are dopey. (Int -2) [hidden defects]
  1368 | D        | Lost mutation: You have terrible hidden genetic defects.
                  | [hidden defects expressed]
  1590 | D        | Entered arena 12.
  1590 | D        | Noticed a nagaraja
  1591 | D        | Noticed a nagaraja
  1593 | D        | Reached skill level 13 in Armour
  1594 | D        | Killed a nagaraja
  1595 | D        | Reached skill level 14 in Armour
  1596 | D        | Killed a nagaraja
  1597 | D        | Reached XP level 10. HP: 46/68 MP: 2/10
  1599 | D        | Reached skill level 15 in Armour
  1599 | D        | Gained mutation: You cannot train Dodging skill. [Ru
                  | sacrifice]
  1600 | D        | Found a transporter.
  1601 | D        | Gained mutation: Your magical capacity is low. (-10% MP)
                  | [hidden defects]
  1720 | D        | Got the Incunabulum of Execration and Venom
  1733 | D        | Entered arena 13.
  1733 | D        | Found the brooch of Shielding {Spirit SH+8}
  1733 | D        | Noticed a five-headed hydra
  1734 | D        | Noticed a spriggan air mage
  1735 | D        | Found a transporter.
  1736 | D        | Killed a spriggan air mage
  1741 | D        | Killed a five-headed hydra
  1755 | D        | Gained mutation: Armour fits poorly on your strangely
                  | shaped body. [hidden defects]
  1755 | D        | Lost mutation: You have hidden genetic defects. [hidden
                  | defects expressed]
  1891 | D        | Got the Collected Works on Stones and the Blaze
  1902 | D        | Entered arena 14.
  1904 | D        | Identified the -1 tower shield of Failure {rF+++ rC+ rN+
                  | Slay-6}
  1904 | D        | Noticed a daeva
  1904 | D        | Noticed a pearl dragon
  1904 | D        | Noticed an apis
  1904 | D        | Noticed a pearl dragon
  1907 | D        | Found a transporter.
  1907 | D        | Noticed a pearl dragon
  1907 | D        | Noticed a daeva
  1911 | D        | Killed an apis
  1912 | D        | Reached skill level 10 in Fighting
  1912 | D        | Killed from afar by a pearl dragon

Illustrated notes

Levels and vault maps discovered:
D:        sprint_v [room_start, room_1, room_2, room_3, room_4, room_5, room_6,
          room_7, room_8, room_9, room_10, room_11, room_12, room_13, room_14,
          room_15, room_16, room_17, room_18, room_19, room_20, room_21,
          room_22, room_23, room_24, room_25, room_26, room_27]

Skill      XL: |  1  2  3  4  5  6  7  8  9 10 |
---------------+-------------------------------+-----
Axes           | 7 8 11 13 | 13.2
Fighting       | 2 10 | 10.6
Crossbows      | 5 11 12 | 12.0
Shields        | 1 9 11 | 11.3
Stealth        | 0 |  0.0
Armour         | 9 14 15 | 15.0
Dodging        | 0 |  0.0

Action                   |  1- 3 |  4- 6 |  7- 9 | 10-12 || total
-------------------------+-------+-------+-------+-------++-------
Melee: Broad axe         |     3 |     6 |    57 |     3 ||    69
 Fire: Hand crossbow     |       |     2 |     9 |     4 ||    15
Invok: Sacrifice Skill   |     1 |       |       |       ||     1
       Sacrifice Experie |       |       |     1 |       ||     1
       Power Leap        |       |       |     2 |       ||     2
       Draw Out Power    |       |       |     1 |       ||     1
       Sacrifice Stealth |       |       |     1 |       ||     1
       Apocalypse        |       |       |     2 |     2 ||     4
       Sacrifice Purity  |       |       |     1 |       ||     1
       Sacrifice Nimblen |       |       |       |     1 ||     1
Evoke: Wand              |       |     2 |     5 |       ||     7
       Tin of tremorston |       |     2 |     3 |       ||     5
  Use: Potion            |     1 |       |    14 |     1 ||    16
       Scroll            |       |     1 |     4 |     1 ||     6
 Stab: Invisible         |       |       |     6 |       ||     6
       Paralysed         |       |       |    11 |     6 ||    17
Armor: Storm dragon scal |     3 |     6 |    31 |       ||    40
       Gold dragon scale |       |       |    21 |     6 ||    27
Dodge: Dodged            |       |     5 |     8 |       ||    13
Block: Kite shield       |       |     7 |    89 |    16 ||   112

Table legend: (Time is in decaauts)
 A = Elapsed time spent in this place.
 B = Non-inter-level travel time spent in this place.
 C = Inter-level travel time spent in this place.
 D = Time resting spent in this place.
 E = Time spent auto-exploring this place.
 F = Levels seen in this place.
 G = Mean time per level.
                   A        B        C        D        E       F      G
               +--------+--------+--------+--------+--------+-----+--------+
         Total |   1882 |   1882 |      0 |   1213 |      5 |   1 | 1882.0 |
       Dungeon |   1882 |   1882 |      0 |   1213 |      5 |   1 | 1882.0 |
               +--------+--------+--------+--------+--------+-----+--------+

Top non-repeatable levels by time:
       D: 1882 daAuts
